 Dungeon Crawl Stone Soup version 0.31-a0-1009-g454b1f1e0a (webtiles) character file.

Game seed: 3267386641675414562

78785 Queen the Fighter (level 15, -12/139 HPs)
             Began as a Minotaur Monk on Nov 15, 2023.
             Was a High Priest of Trog.
             Killed from afar by an ironbound frostheart (23 damage)
             ... by creeping frost
             ... in an ice cave on Nov 16, 2023.
             The game lasted 00:57:45 (22188 turns).

Queen the Fighter (Minotaur Monk)                  Turns: 22188, Time: 00:57:45

Health: -12/139    AC: 15    Str: 23      XL:     15   Next: 19%
Magic:  14/14      EV: 19    Int:  7      God:    Trog [*****.]
Gold:   248        SH: 14    Dex: 15 (16) Spells: 14/14 levels left

rFire   + . .        a - +9 flail of Dung {flame, Int+3 Dex+3}
rCold   + . .        R - +2 buckler {AC+3}
rNeg    . . .        V - +3 leather armour "Tis Mum" {rF+ Will+++ Int-3 Stlth+}
rPois   +            B - +1 hat
rElec   .            l - +0 cloak
rCorr   .            (no gloves)
SInv    .            J - +0 pair of boots
Will    +++++        P - amulet of reflection
Stlth   ++           b - ring of poison resistance
HPRegen 1.43/turn    z - ring of protection from cold
MPRegen 0.14/turn

%: reflection
@: about to teleport, strong-willed, frozen, regenerating, studying Dodging,
very slow
A: horns 2, retaliatory headbutt, deterioration 1
a: Renounce Religion, Berserk, Trog's Hand, Brothers in Arms


You were in an ice cave.
You worshipped Trog.
Trog was extremely pleased with you.
You visited 3 branches of the dungeon, and saw 20 of its levels.
You also visited: Sewer and Ice Cave.

You collected 2690 gold pieces.
You spent 2442 gold pieces at shops.

Inventory:

Hand Weapons
 a - the +9 flail of Dung (weapon) {flame, Int+3 Dex+3}
   (You found it on level 10 of the Dungeon)

   Int+3:     It affects your intelligence (+3).
   Dex+3:     It affects your dexterity (+3).
 C - a +5 antimagic morningstar
Missiles
 f - 37 boomerangs
 h - 23 poisoned darts (quivered)
 j - 9 javelins
 o - 5 throwing nets
 O - 12 atropa-tipped darts
Armour
 l - a +0 cloak (worn)
 B - a +1 hat (worn)
 J - a +0 pair of boots (worn)
 R - a +2 buckler of protection (worn)
 V - the +3 leather armour "Tis Mum" (worn) {rF+ Will+++ Int-3 Stlth+}
   (You bought it in a shop on level 8 of the Dungeon)

   Int-3:     It affects your intelligence (-3).
   rF+:       It protects you from fire.
   Will+++:   It greatly increases your willpower.
   Stlth+:    It makes you more stealthy.
Jewellery
 b - a ring of poison resistance (left hand)
 z - a ring of protection from cold (right hand)
 P - an amulet of reflection (around neck)
 Z - a ring of see invisible
Wands
 k - a wand of digging (5)
 x - a wand of flame (24)
 D - a wand of quicksilver (32)
 U - a wand of mindburst (3)
 W - a wand of paralysis (14)
 X - a wand of roots (12)
Scrolls
 d - a scroll of acquirement {unknown}
 g - 6 scrolls of teleportation
 n - 5 scrolls of fear
 t - a scroll of identify {@r1}
 u - 5 scrolls of enchant armour
 v - 6 scrolls of immolation
 y - a scroll of vulnerability
 E - a scroll of enchant weapon
 H - 5 scrolls of fog
 L - 5 scrolls of brand weapon
 M - a scroll of blinking
 N - a scroll of summoning {unknown}
 S - 3 scrolls of poison
 T - 2 scrolls of revelation {unknown}
Potions
 c - 4 potions of ambrosia
 e - 4 potions of heal wounds
 i - a potion of magic
 m - 3 potions of cancellation
 p - 2 potions of mutation
 q - 2 potions of resistance
 r - 5 potions of haste {unknown}
 s - 3 potions of might {unknown}
 w - 2 potions of brilliance {unknown}
 A - 12 potions of curing
 F - 2 potions of enlightenment
 G - 2 potions of degeneration {unknown}
 I - a potion of lignification {unknown}
 Q - a potion of attraction


   Skills:
 + Level 14.6 Fighting
 + Level 14.3 Maces & Flails
 - Level 10.0 Throwing
 + Level 14.2 Armour
 + Level 13.8 Dodging
 + Level 12.2 Shields


You had 14 spell levels left.
You didn't know any spells.
Your spell library was empty.

Dungeon Overview and Level Annotations

Branches:
Dungeon (13/15)            Temple (0/1) D:7            Lair (5/5) D:11
  Swamp (0/4) Lair:3        Snake (0/4) Lair:2        Slime (0/5) Lair:5
    Orc (2/2) D:11            Elf (0/3) Orc:2         Sewer (visited)
  IceCv (1/1)
 Vaults: D:13-14

Altars:
Dithmenos
Nemelex Xobeh
Trog
Vehumet
Wu Jian
Xom
Zin
Jiyva

Shops:
D:8 [[(*   Orc:2 :[=?

Annotations:
D:3 exclusion: statue
D:6 2 runed translucent doors
D:9 3 runed translucent doors, paps's ghost, novice DsGl
D:10 3 runed translucent doors, Queen's ghost, journeyman MiFi
Orc:1 6 transporters IceCv 9 exclusions


Innate Abilities, Weirdness & Mutations

You have a pair of horns on your head.
You reflexively headbutt those who attack you in melee.
Your body sometimes deteriorates upon taking damage.


Message History

You block the icy flash freeze... and reflect it back!
The icy flash freeze misses the rime drake.
The rime drake completely misses you.
You regained 2 hp, and now have 76/139 hp.
You hit the rime drake. You burn the rime drake.
The rime drake is moderately wounded.
The rime drake bites you but does no damage.
You bludgeon the rime drake!! You burn the rime drake.
You kill the rime drake!
Trog accepts your kill.
The ironbound frostheart calls freezing cold from the walls.
The frost grips you! You resist.
Your body deteriorates!
You feel clumsy.
You are encased in ice.
You take 14 damage, and have 63/139 hp.
You bludgeon the ironbound frostheart!! You burn the ironbound frostheart.
The ironbound frostheart is moderately wounded.
The ironbound frostheart misses you.
You sock the ironbound frostheart! You burn the ironbound frostheart.
The ironbound frostheart is heavily wounded.
You hit the ironbound frostheart. You burn the ironbound frostheart.
The ironbound frostheart is heavily wounded.
The ironbound frostheart calls freezing cold from the walls.
The frost grips you!! You resist.
You take 22 damage, and have 43/139 hp.
You closely miss the ironbound frostheart.
You headbutt the ironbound frostheart.
The ironbound frostheart is heavily wounded.
The ironbound frostheart touches you.
* * * LOW HITPOINT WARNING * * *
The ironbound frostheart freezes you! You resist.
* * * LOW HITPOINT WARNING * * *
You take 17 damage, and have 26/139 hp.
As you read the scroll of teleportation, it crumbles to dust.
You feel strangely unstable.
The ironbound frostheart calls freezing cold from the walls.
The frost grips you! You resist.
* * * LOW HITPOINT WARNING * * *
The ironbound frostheart calls freezing cold from the walls.
The frost grips you!! You resist.
You die...

### ########## #.[
#hp@##...#########.⌠
#hhp##...##...#..#....
#.hYY#
########..#...†##
....h# #..#####.†~
....# ##..##..~#~ ##..
###...##~~ ## #####..#
...... .......


You could see 2 ironbound frosthearts, 3 polar bears, 2 yaks and 2 wolves.

Vanquished Creatures
  Josephine (Lair:5)
  An ettin (Orc:2)
  Harold (Orc:1)
  A hydra (Lair:3)
  4 boulder beetles
  A catoblepas (Lair:4)
  4 two-headed ogres
  17 death yaks
  Urug (Lair:4)
  5 orc high priests (Orc:2)
  Nergalle (D:11)
  2 sixfirhies (D:9)
  4 skysharks
  Lodul (D:11)
  2 goliath frogs (Lair:5)
  2 bog bodies (Lair:3)
  A deep elf pyromancer (D:12)
  9 orc knights
  An orc sorcerer (Orc:2)
  4 cyclopes
  A salamander (Lair:2)
  6 elephants
  4 slime creatures (D:9)
  4 black mambas
  An ice statue (IceCv)
  17 cane toads
  A rust devil (D:9)
  An unseen horror (D:11)
  7 gargoyles
  3 rime drakes
  An ice devil (D:9)
  5 komodo dragons
  5 trolls
  A meliai (shapeshifter) (D:11)
  10 polar bears
  A hornet (D:11)
  A hellwing (D:9)
  2 tyrant leeches (Lair:5)
  25 blink frogs
  2 shadows
  6 wraiths
  4 wyverns
  41 yaks
  2 vampires (D:12)
  Menkaure (D:5)
  9 vampire mosquitoes
  6 wargs
  2 acid dragons
  4 water moccasins
  2 ice beasts
  A sky beast (D:6)
  2 black bears
  22 orc warriors
  23 wolves
  16 ogres
  2 centaurs
  A phantom (D:6)
  A gnoll sergeant (D:6)
  22 bullfrogs
  8 scorpions
  5 necrophages (Lair:3)
  13 wights
  An electric eel (Lair:5)
  5 howler monkeys
  2 lava snakes (Lair:2)
  2 quasits (D:9)
  5 hounds
  2 jellies
  2 gnoll boudas
  20 orc priests
  Ijyb (D:3)
  2 iguanas
  14 orc wizards
  6 hell rats (Lair:5)
  21 gnolls
  A river rat (D:6)
  15 adders
  3 white imps
  4 ufetubi
  2 worms
  10 dart slugs
  87 orcs
  4 endoplasms
  15 giant cockroaches
  12 goblins
  7 hobgoblins
  3 jackals (D:3)
  5 kobolds
  4 quokkas
  10 ball pythons
  4 bats
  8 frilled lizards
  5 rats
636 creatures vanquished.

Vanquished Creatures (collateral kills)
  5 orc warriors (Orc:2)
  4 orc priests (Orc:2)
  An orc (Orc:2)
10 creatures vanquished.

Grand Total: 646 creatures vanquished

Notes
Turn   | Place    | Note
-------+----------+-------------------------------------------
     0 | D:1      | Queen the Minotaur Monk began the quest for the Orb.
     0 | D:1      | Reached XP level 1. HP: 19/19 MP: 0/0
   140 | D:1      | Reached XP level 2. HP: 18/27 MP: 1/1
   261 | D:1      | Reached skill level 1 in Armour
   442 | D:1      | Found a faded altar of an unknown god.
   455 | D:1      | Prayed at the altar of an unknown god.
   455 | D:1      | Became a worshipper of Trog the Wrathful
   455 | D:1      | Reached * piety under Trog
   455 | D:1      | Reached ** piety under Trog
   642 | D:2      | Reached *** piety under Trog
   663 | D:2      | Reached skill level 1 in Throwing
   663 | D:2      | Reached XP level 3. HP: 33/33 MP: 2/2
  1166 | D:2      | Reached XP level 4. HP: 40/40 MP: 3/3
  1178 | D:2      | Found Sinups's Antique Armour Shoppe.
  1594 | D:3      | Found a radiant altar of Vehumet.
  1599 | D:3      | Noticed a charred statue
  1674 | D:3      | Found a glowing silver altar of Zin.
  1689 | D:3      | Found an ornate altar of the Wu Jian Council.
  1829 | D:3      | Reached **** piety under Trog
  1831 | D:3      | Reached XP level 5. HP: 47/47 MP: 4/4
  1857 | D:3      | Noticed Ijyb
  1871 | D:3      | Killed Ijyb
  2122 | D:4      | Noticed an ogre
  2130 | D:4      | Killed an ogre
  2179 | D:4      | Reached XP level 6. HP: 55/55 MP: 5/5
  2307 | D:4      | Identified the ring "Iram" {MP+9 Dex+6}
  2330 | D:4      | Reached skill level 5 in Fighting
  2330 | D:4      | Reached skill level 5 in Maces & Flails
  3286 | D:5      | Entered Level 5 of the Dungeon
  3292 | D:5      | Reached XP level 7. HP: 61/61 MP: 6/6
  3302 | D:5      | Reached skill level 5 in Dodging
  3304 | D:5      | Noticed Menkaure
  3426 | D:5      | Killed Menkaure
  3427 | D:5      | Reached XP level 8. HP: 43/70 MP: 7/7
  3581 | D:5      | Found a shimmering altar of Xom.
  3674 | D:5      | Reached skill level 5 in Armour
  4297 | D:6      | Found a large runed translucent door.
  4297 | D:6      | Found a large runed translucent door.
  4316 | D:6      | Found a large runed translucent door.
  4316 | D:6      | Found a large runed translucent door.
  4481 | D:6      | Found a glowing drain.
  4491 | Sewer    | Entered a sewer
  4585 | Sewer    | Reached ***** piety under Trog
  4654 | Sewer    | Reached skill level 5 in Throwing
  4925 | D:6      | Reached XP level 9. HP: 78/79 MP: 8/8
  5361 | D:6      | Noticed a cyclops
  5369 | D:6      | Killed a cyclops
  5580 | D:6      | Noticed a two-headed ogre
  5594 | D:6      | Killed a two-headed ogre
  5644 | D:6      | Identified the staff of Chagrin {rPois Dex+2 Poison}
  5676 | D:7      | Reached XP level 10. HP: 90/90 MP: 9/9
  5768 | D:7      | Received a gift from Trog
  6016 | D:7      | Found a staircase to the Ecumenical Temple.
  6371 | D:7      | Noticed a gargoyle
  6378 | D:7      | Killed a gargoyle
  6548 | D:7      | Noticed a gargoyle
  6551 | D:7      | Killed a gargoyle
  6583 | D:7      | Noticed a gargoyle
  6587 | D:7      | Killed a gargoyle
  6682 | D:7      | Noticed a gargoyle
  6690 | D:7      | Killed a gargoyle
  6698 | D:7      | Noticed a gargoyle
  6920 | D:7      | Found a staircase to the Ecumenical Temple.
  6939 | D:7      | Killed a gargoyle
  6993 | D:8      | Found a shadowy altar of Dithmenos.
  7350 | D:8      | Found Vil Hyhu's Antique Armour Shop.
  7482 | D:8      | Found Zisacos's General Store.
  7485 | D:8      | Found Gesowke's Weapon Shop.
  7486 | D:8      | Found Voihia Zyhek's Antique Armour Shop.
  7488 | D:8      | Bought a scroll of identify for 26 gold pieces
  7488 | D:8      | Bought the +3 leather armour "Tis Mum" {rF+ Will+++ Int-3
                  | Stlth+} for 721 gold pieces
  7711 | D:8      | Found a shadowy altar of Dithmenos.
  7909 | D:8      | Found Zisacos's General Store.
  7910 | D:8      | Found Voihia Zyhek's Antique Armour Shop.
  7913 | D:8      | Found Gesowke's Weapon Shop.
  7914 | D:8      | Found Vil Hyhu's Antique Armour Shop.
  8242 | D:9      | Noticed a sixfirhy
  8254 | D:9      | Killed a sixfirhy
  8298 | D:9      | Reached XP level 11. HP: 63/97 MP: 10/10
  8441 | D:9      | Found a runed translucent gate.
  8441 | D:9      | Found a runed translucent gate.
  8441 | D:9      | Found a runed translucent gate.
  8442 | D:9      | Noticed paps's ghost (novice DsGl)
  8460 | D:9      | Noticed a sixfirhy
  8461 | D:9      | Noticed a two-headed ogre
  8477 | D:9      | Killed a sixfirhy
  8478 | D:9      | Reached skill level 5 in Shields
  8485 | D:9      | Killed a two-headed ogre
  8721 | D:9      | Reached skill level 10 in Maces & Flails
  8727 | D:9      | Reached skill level 10 in Fighting
  9496 | D:10     | Entered Level 10 of the Dungeon
  9539 | D:10     | Found a runed translucent gate.
  9540 | D:10     | Found a runed translucent gate.
  9541 | D:10     | Found a runed translucent gate.
  9543 | D:10     | Noticed Queen's ghost (journeyman MiFi)
  9543 | D:10     | Noticed a glowing orange brain
  9576 | D:10     | Identified the +9 flail of Dung {flame, Int+3 Dex+3}
  9601 | D:10     | Noticed a two-headed ogre
  9611 | D:10     | Killed a two-headed ogre
  9702 | D:10     | Noticed a two-headed ogre
  9710 | D:10     | Killed a two-headed ogre
  9821 | D:10     | Found a viscous altar of Jiyva.
 10198 | D:11     | Noticed Lodul
 10211 | D:11     | Killed Lodul
 10267 | D:11     | Found a staircase to the Lair.
 10413 | D:11     | Reached skill level 10 in Armour
 10488 | D:11     | Noticed a boulder beetle
 10555 | D:11     | Killed a boulder beetle
 10567 | D:11     | Noticed Nergalle
 10578 | D:11     | Killed Nergalle
 10579 | D:11     | Reached XP level 12. HP: 76/108 MP: 11/11
 10584 | D:11     | Found a staircase to the Orcish Mines.
 10647 | D:11     | Noticed a boulder beetle
 10660 | D:11     | Killed a boulder beetle
 10677 | D:11     | Reached skill level 10 in Dodging
 11531 | Lair:1   | Entered Level 1 of the Lair of Beasts
 12134 | Lair:1   | You fall into a shaft and drop 1 floor!
 12791 | Lair:2   | Noticed a death yak
 12792 | Lair:2   | Noticed a death yak
 12796 | Lair:2   | Noticed a death yak
 12843 | Lair:1   | Killed a death yak
 12851 | Lair:1   | Killed a death yak
 12977 | Lair:1   | Killed a death yak
 13216 | Lair:2   | Reached XP level 13. HP: 104/117 MP: 12/12
 13397 | Lair:2   | Found a staircase to the Snake Pit.
 14424 | Lair:3   | Found a staircase to the Swamp.
 14744 | Lair:4   | Noticed Urug
 14774 | Lair:4   | Killed Urug
 15072 | Lair:4   | Reached skill level 10 in Throwing
 16130 | Lair:5   | Entered Level 5 of the Lair of Beasts
 16166 | Lair:5   | Reached ****** piety under Trog
 16272 | Lair:5   | Reached skill level 10 in Shields
 16382 | Lair:5   | Reached XP level 14. HP: 122/129 MP: 13/13
 16870 | Lair:5   | Noticed Josephine
 16893 | Lair:5   | Killed Josephine
 17042 | Lair:5   | Received a gift from Trog
 17509 | Lair:5   | Found a viscous altar of Jiyva.
 17509 | Lair:5   | Found a staircase to the Slime Pits.
 18130 | Lair:5   | Found a viscous altar of Jiyva.
 18130 | Lair:5   | Found a staircase to the Slime Pits.
 18639 | Orc:1    | Entered Level 1 of the Orcish Mines
 18904 | Orc:2    | Entered Level 2 of the Orcish Mines
 18974 | Orc:2    | Found a staircase to the Elven Halls.
 19589 | Orc:2    | Received a gift from Trog
 19850 | Orc:2    | Gained mutation: Your body sometimes deteriorates upon
                  | taking damage. [a neqoxec]
 19854 | Orc:2    | Found Wacric's Antique Armour Shop.
 19856 | Orc:2    | Found Gatabot's Magic Scroll Shop.
 19860 | Orc:2    | Found Cuuto's Jewellery Boutique.
 19861 | Orc:2    | Found Odaongem's Book Shop.
 20251 | Orc:2    | Bought a scroll of enchant weapon for 112 gold pieces
 20251 | Orc:2    | Bought a scroll of identify for 30 gold pieces
 20251 | Orc:2    | Bought a scroll of identify for 30 gold pieces
 20252 | Orc:2    | Bought a heavily runed chain mail for 323 gold pieces
 20252 | Orc:2    | Identified the +3 chain mail of Unreason {Harm rPois Int+3
                  | Dex-5} (You bought it in a shop on level 2 of the Orcish
                  | Mines)
 20259 | Orc:2    | Bought a manual of Dodging for 1200 gold pieces
 20381 | Orc:2    | Found Wacric's Antique Armour Shop.
 20383 | Orc:2    | Found Gatabot's Magic Scroll Shop.
 20386 | Orc:2    | Found Cuuto's Jewellery Boutique.
 20387 | Orc:2    | Found Odaongem's Book Shop.
 20464 | Orc:2    | Found a staircase to the Elven Halls.
 20867 | Orc:1    | Found a transporter.
 20867 | Orc:1    | Found a sparkling altar of Nemelex Xobeh.
 20869 | Orc:1    | Found a transporter.
 20870 | Orc:1    | Found a transporter.
 20870 | Orc:1    | Noticed a juggernaut
 20933 | Orc:1    | Found a transporter.
 20935 | Orc:1    | Found a transporter.
 20935 | Orc:1    | Found a transporter.
 20950 | Orc:1    | Noticed Harold
 20963 | Orc:1    | Killed Harold
 21696 | D:13     | Found a frozen archway.
 21708 | IceCv    | Entered an ice cave
 21800 | IceCv    | Reached XP level 15. HP: 138/139 MP: 14/14
 21827 | IceCv    | Identified the +4 great mace of Tafa {flame, rF+ Will+++
                  | Dex+4}
 22188 | IceCv    | Killed from afar by an ironbound frostheart

Illustrated notes

Levels and vault maps discovered:
D:1:      dpeg_arrival_connections, layout_basic,
          hellmonk_ecumenical_altar_defaced_shrine
D:2:      layout_basic, serial_shops, nicolae_diamond_shop, dk_vineyard_2,
          st_stairs_13
D:3:      kennysheep_goblin_castle, layout_basic,
          mainiacjoe_overflow_catwalk_spiral, vehumet_statue
D:4:      layout_cave_pods
D:5:      layout_cave_pools, overflow_temple_1_default,
          minmay_fractal_squares_5, uniq_ijyb, uniq_menkaure
D:6:      layout_basic, serial_aquarium, aquarium_bridge_long_separate
          [aquarium_subvault_bridge, aquarium_subvault_bridge,
          aquarium_subvault_bridge, aquarium_subvault_wall,
          aquarium_subvault_bridge, aquarium_subvault_wall],
          aquarium_bridge_straight [aquarium_subvault_bridge,
          aquarium_subvault_wall, aquarium_subvault_bridge,
          aquarium_subvault_balcony], aquarium_window_2, aquarium_window_corner,
          aquarium_view_2d, aquarium_view_2c, aquarium_balcony_3b,
          portal_sewer_entry_b, minmay_misc_feat_ornament, dk_noncrumbling_4,
          minmay_crystal_water, minmay_hollow_rounded_squares
D:7:      cheibrodos_statue_roulette, layout_basic
D:8:      layout_basic, nicolae_dithmenos_shadow_blocks, minmay_shop_grid_forest
D:9:      layout_basic, serial_demonic, serial_demonic_a, serial_demonic_g,
          serial_demonic_b, serial_demonic_c, ebering_ghost_rock_garden
D:10:     layout_long_grid, mainiacjoe_overflow_divided_tiny,
          gammafunk_ghost_ooze, hangedman_decor_growths
D:11:     layout_layer_cave, erik_lair_orcish_takeover, erik_orc_3,
          uniq_nergalle, uniq_lodul
D:12:     layout_roguey
D:13:     layout_small_grid, portal_ice_cave_entry_pillars_2,
          lightli_elemental_guards
Lair:1:   layout_cave_pods
Lair:2:   layout_small_grid, nicolae_snake_entry_warm_welcome
Lair:3:   layout_regular_city, skrybe_swamp_entry_bodies, roderic_carrion_pond
Lair:4:   layout_cave_pods, beast_lair_carwin_6, uniq_urug
Lair:5:   minmay_lair_end_frog_pond, layout_small_grid, slime_entry_1,
          serial_bayou_lake_a, lemuel_fruit_tree, uniq_josephine
Orc:1:    layout_caves, basic_altar, hellmonk_jugg_or_not, uniq_harold
Orc:2:    st_orc_pillars, layout_caves
IceCv:    ice_cave_caverns_03

Skill      XL: |  1  2  3  4  5  6  7  8  9 10 11 12 13 14 15 |
---------------+----------------------------------------------+-----
Armour         | 1 2 3 4 6 7 8 10 11 12 14 | 14.2
Fighting       | 4 5 6 7 8 9 10 11 13 14 | 14.6
Maces & Flails | 4 5 6 7 8 9 10 11 13 14 | 14.3
Throwing       | 1 2 3 5 6 7 8 9 10 | 10.0
Dodging        | 4 5 6 7 8 9 10 11 13 | 13.8
Shields        | 2 4 6 8 10 11 12 | 12.2

Action                     |  1- 3 |  4- 6 |  7- 9 | 10-12 | 13-15 || total
---------------------------+-------+-------+-------+-------+-------++-------
  Melee: Mace              |    63 |    28 |       |       |       ||    91
         Headbutt          |    17 |    13 |    48 |   125 |   266 ||   469
         Flail             |       |    57 |   181 |   530 |   944 ||  1712
  Throw: Dart              |       |     6 |     4 |    21 |    46 ||    77
         Boomerang         |       |       |       |       |     2 ||     2
 Invoke: Berserk           |       |     1 |     1 |     9 |     8 ||    19
         Trog's Hand       |       |       |       |     6 |     7 ||    13
         Brothers in Arms  |       |       |       |       |     2 ||     2
    Use: Scroll            |       |     5 |     4 |     6 |    17 ||    32
         Potion            |       |       |       |       |     1 ||     1
   Stab: Sleeping          |       |       |       |     4 |     2 ||     6
         Distracted        |       |       |       |       |     2 ||     2
 Armour: Robe              |     8 |       |       |       |       ||     8
         Chain mail        |    40 |    41 |       |       |       ||    81
         Plate armour      |       |     8 |   138 |    73 |       ||   219
         Leather armour    |       |       |       |   129 |   262 ||   391
  Dodge: Dodged            |    31 |    61 |   157 |   313 |   500 ||  1062
  Block: Buckler           |       |       |     7 |   273 |   582 ||   862
         Reflection        |       |       |       |     1 |    11 ||    12

Table legend: (Time is in decaauts)
 A = Elapsed time spent in this place.
 B = Non-inter-level travel time spent in this place.
 C = Inter-level travel time spent in this place.
 D = Time resting spent in this place.
 E = Time spent auto-exploring this place.
 F = Levels seen in this place.
 G = Mean time per level.
                   A        B        C        D        E       F      G
               +--------+--------+--------+--------+--------+-----+--------+
         Total |  22304 |  21484 |    820 |   2874 |  14349 |  22 | 1013.8 |
       Dungeon |  11911 |  11356 |    555 |   1529 |   7634 |  13 |  916.2 |
          Lair |   7022 |   6829 |    193 |    928 |   4724 |   5 | 1404.4 |
  Orcish Mines |   2418 |   2348 |     70 |    417 |   1426 |   2 | 1209.0 |
         Sewer |    508 |    508 |      0 |      0 |    344 |   1 |  508.0 |
      Ice Cave |    443 |    443 |      0 |      0 |    219 |   1 |  443.0 |
               +--------+--------+--------+--------+--------+-----+--------+

Top non-repeatable levels by time:
  Lair:5: 2428 daAuts
   Orc:2: 1798 daAuts
    D:11: 1469 daAuts
     D:4: 1416 daAuts
     D:7: 1306 daAuts
  Lair:4: 1303 daAuts
     D:9: 1273 daAuts
     D:8: 1252 daAuts
  Lair:1: 1205 daAuts
     D:6: 1092 daAuts
  Lair:2: 1069 daAuts
  Lair:3: 1015 daAuts
     D:2: 740 daAuts
     D:3: 732 daAuts
    D:10: 718 daAuts
